 Dungeon Crawl Stone Soup version 0.31-a0-1570-g93c622d222 (webtiles) character file.

Game seed: 10839363854827805003

172745 Turgor the Metamorph (level 16, -7/201 HPs)
             Began as a Green Draconian Shapeshifter on Jan 2, 2024.
             Was the Champion of Jiyva.
             Became unviable by losing the cold resistance mutation
             ... on level 4 of the Swamp on Jan 3, 2024.
             The game lasted 02:38:58 (21094 turns).

Turgor the Metamorph (DrSh)                        Turns: 21094, Time: 02:39:00

Health: -7/201     AC: 20    Str: 35    XL:     16   Next: 74%
Magic:  28/30      EV: 10    Int: 16    God:    Jiyva [******]
Gold:   1237       SH:  0    Dex:  9    Spells: 15/30 levels left

rFire   . .          .
                       - Unarmed
rCold   . . .        (shield currently unavailable)
rNeg    . . .        (body armour unavailable)
rPois   +            (helmet currently unavailable)
rElec   .            F - melded +0 cloak
rCorr   +            (gloves currently unavailable)
SInv    .            J - melded +2 pair of boots
Will    ++...        v - amulet of the acrobat
Stlth   +            l - +4 ring of protection
HPRegen 2.13/turn    D - ring of willpower
MPRegen 1.02/turn

%: acrobat
@: dragon-form, flying, very slightly contaminated
A: dragon claw, dragon scales, flying, boosted hp, breathe noxious fumes, AC +9,
giant, unfitting armour, stinger 1, (poison resistance), (cold-blooded), high MP
1, (shaggy fur 3), strong 2, wild magic 2, (pseudopods 2), (translucent skin 1),
(engulf)
}: 1/15 runes: slimy
a: Breathe Noxious Fumes, Begin Untransformation, Renounce Religion, Oozemancy,
Slimify


You were on level 4 of the Swamp.
You worshipped Jiyva.
Jiyva was exalted by your worship.
You were a fearsome swamp dragon!
You visited 5 branches of the dungeon, and saw 31 of its levels.
You also visited: Ossuary.

You collected 1729 gold pieces.
You spent 492 gold pieces at shops.

Inventory:

Hand Weapons
 o - a +2 eveningstar of holy wrath
 V - a +2 broad axe of electrocution
 Y - the +5 broad axe "Xosiamn" {pain, rN+}
   (You found it on level 12 of the Dungeon)

   rN+:       It protects you from negative energy.
Missiles
 a - 46 poisoned darts (quivered)
 u - a silver javelin
 w - a throwing net
Armour
 c - a +0 pair of gloves
 C - a +0 buckler
 F - a +0 cloak (melded)
 J - a +2 pair of boots (melded)
 Z - the orb of Ameluhon {*Rage, rC+ Int+2 Dex+3}
   (You found it on level 13 of the Dungeon)

   Int+2:     It affects your intelligence (+2).
   Dex+3:     It affects your dexterity (+3).
   rC+:       It protects you from cold.
Magical Staves
 N - a staff of alchemy
 U - the staff of Quick Death {rElec rF+ MP+9 Str+2 Tloc Fire}
   (You found it on level 5 of the Pits of Slime)

   [staff of fire]

   Base accuracy: +5 Base damage: 5 Base attack delay: 1.2 This weapon's minimum
   attack delay (0.6) is reached at skill level 12.
   Str+2:     It affects your strength (+2).
   rF+:       It protects you from fire.
   rElec:     It insulates you from electricity.
   MP+9:      It affects your magic capacity (+9).
   Tloc:      It increases the power of your Translocations spells.
   Fire:      It increases the power of your Fire spells.
   It falls into the 'Staves' category.
   It is a one-handed weapon.
Jewellery
 l - a +4 ring of protection (left foreclaw)
 v - an amulet of the acrobat (around neck)
 y - a ring of positive energy
 D - a ring of willpower (right foreclaw)
 T - the amulet of Ascent {RegenMP rF+++ rC+ Str-4}
   (You found it on level 5 of the Pits of Slime)

   [amulet of magic regeneration]

   RegenMP:   It increases your rate of magic regeneration.
   Str-4:     It affects your strength (-4).
   rF+++:     It renders you almost immune to fire.
   rC+:       It protects you from cold.
Talismans
 K - a dragon-blood talisman (active)
Wands
 b - a wand of mindburst (9)
 p - a wand of charming (20)
 x - a wand of flame (27)
 E - a wand of digging (2)
 M - a wand of quicksilver (1)
 Q - a wand of roots (10)
Scrolls
 e - 6 scrolls of enchant weapon
 f - 3 scrolls of immolation
 q - 2 scrolls of revelation
 t - 2 scrolls of identify
 B - 2 scrolls of teleportation
 P - 2 scrolls of enchant armour
 R - 2 scrolls of fog
 W - a scroll of brand weapon
 X - a scroll of vulnerability
Potions
 g - a potion of lignification
 h - 2 potions of attraction
 i - 3 potions of might
 k - 5 potions of curing
 m - a potion of ambrosia
 n - a potion of cancellation
 z - 3 potions of brilliance
 A - 5 potions of mutation
 G - 3 potions of resistance
 H - 2 potions of haste
 L - 2 potions of enlightenment
 O - a potion of magic {unknown}
Miscellaneous
 j - a phial of floods
 I - a sack of spiders (inert)


   Skills:
 - Level 10.0 Fighting
 - Level 9.0 Dodging
 + Level 11.3 Unarmed Combat
 * Level 7.8 Spellcasting
 * Level 8.2 Conjurations
 - Level 13.0 Alchemy
 - Level 6.0 Evocations
 + Level 18.3 Shapeshifting


You had 15 spell levels left.
You knew the following spells:

 Your Spells              Type           Power      Damage    Failure   Level
a - Eringya's Noxious Bo  Alch           33%        4d6       19%         6
b - Fulminant Prism       Conj/Alch      29%        3d14      4%          4
c - Irradiate             Conj/Alch      29%        3d21      11%         5

Your spell library contained the following spells:

 Spells                   Type           Power      Damage    Failure   Level
 Alistair's Intoxication  Alch           44%        N/A       5%          5
 Foxfire                  Conj/Fire      100%       2x1d9     6%          1
 Kiss of Death            Conj/Necr      100%       2d13      6%          1
 Shock                    Conj/Air       100%       1d9       6%          1
 Static Discharge         Conj/Air       62%        3-6/arc   9%          2
 Stone Arrow              Conj/Erth      62%        3d10      14%         3
 Leda's Liquefaction      Alch/Erth      21%        N/A       17%         4
 Ensorcelled Hibernation  Hex/Ice        20%        N/A       32%         2
 Jinxbite                 Hex            20%        N/A       32%         2
 Flame Wave               Conj/Fire      31%        2d9       36%         4
 Yara's Violent Unravell  Hex/Alch       21%        3d10      38%         5
 Confusing Touch          Hex            10%        N/A       52%         3
 Fugue of the Fallen      Necr           10%        N/A       52%         3
 Summon Ice Beast         Ice/Summ       10%        N/A       52%         3
 Swiftness                Air            10%        N/A       52%         3
 Volatile Blastmotes      Fire/Tloc      20%        2d11      52%         3
 Fireball                 Conj/Fire      15%        3d8       67%         5
 Anguish                  Hex/Necr       5%         N/A       87%         4
 Dispel Undead            Necr           10%        3d9       87%         4
 Vhi's Electric Charge    Tloc/Air       20%        N/A       87%         4
 Borgnjor's Vile Clutch   Necr/Erth      5%         N/A       99%         5
 Lee's Rapid Deconstruct  Erth           5%         3d6*      99%         5
 Summon Forest            Summ/Tloc      5%         N/A       99%         5
 Summon Mana Viper        Hex/Summ       10%        N/A       99%         5
 Bombard                  Conj/Erth      15%        9d3       99%         6
 Summon Cactus Giant      Summ           5%         N/A       100%        6
 Enfeeble                 Hex            5%         N/A       100%        7
 Monstrous Menagerie      Summ           5%         N/A       100%        7
 Lehudib's Crystal Spear  Conj/Erth      15%        10d5      100%        8
 Animate Armour           Summ/Erth      Unusable   N/A       N/A         4

Dungeon Overview and Level Annotations

Branches:
Dungeon (15/15)            Temple (0/1) D:6            Lair (5/5) D:8
  Swamp (4/4) Lair:3        Snake (0/4) Lair:2        Slime (5/5) Lair:5
    Orc (2/2) D:11            Elf (0/3) Orc:2        Vaults (0/5) D:14
 Depths (0/4) D:15        Ossuary (visited)

Altars:
Ashenzari
Okawaru
Sif Muna
The Shining One
Jiyva

Shops:
D:2 =![!   Orc:1 (   Orc:2 *=(:(

Annotations:
Slime:5 Royal Jelly


Innate Abilities, Weirdness & Mutations

You are a fearsome swamp dragon!
You have a powerful clawing attack.
Your giant scaled body is strong and resilient, but less evasive.
Your breath weapon is enhanced in this form.
You are flying.
Your maximum health is greatly increased.
Your armour is entirely melded.
You are incapable of wielding weapons or throwing items.
You can breathe blasts of noxious fumes.
Your lurid green scales are hard. (AC +9)
You cannot fit into any form of body armour.
Your tail ends in a venomous barb.
((Your system is resistant to poisons. (rPois)))
((You are cold-blooded and may be slowed by cold attacks.))
You have an increased reservoir of magic. (+10% MP)
((Your thick and shaggy fur keeps you warm. (AC +3, rC+)))
Your muscles are very strong. (Str +8, Int/Dex -2)
Your spells are harder to cast, but more powerful.
((Armour fits poorly on your large pseudopods.))
((Your translucent skin slightly reduces your foes' accuracy. (Stealth+)))
((Your melee attacks may engulf your foes in ooze.))


Message History

The fenstrider witch kicks you!
* * * LOW HITPOINT WARNING * * *
The tentacled monstrosity tentacle-slaps you!
* * * LOW HITPOINT WARNING * * *
The tentacled monstrosity tentacle-slaps you but does no damage.
The tentacled monstrosity tentacle-slaps you.
* * * LOW HITPOINT WARNING * * *
The tentacled monstrosity constricts you.
The foxfire hits you!!
* * * LOW HITPOINT WARNING * * *
The foxfire hits you.
* * * LOW HITPOINT WARNING * * *
Unknown command.
You feel much better.
The spriggan air mage barely misses you.
The fenstrider witch hits you but does no damage.
The fenstrider witch kicks you!
* * * LOW HITPOINT WARNING * * *
The will-o-the-wisp gestures.
The will-o-the-wisp conjures some marshlight!
The spriggan berserker barely misses you.
The tentacled monstrosity tentacle-slaps you.
* * * LOW HITPOINT WARNING * * *
The tentacled monstrosity tentacle-slaps you but does no damage. x2
The tentacled monstrosity constricts you.
* * * LOW HITPOINT WARNING * * *
2 foxfires come into view.
You feel better.
Your surroundings suddenly seem different.
Something loses its grip on you.
A swamp worm comes into view.
The swamp worm fires a harpoon shot at you.
The harpoon shot hits you!
* * * LOW HITPOINT WARNING * * *
You are yanked forward by the harpoon shot.
The swamp worm bites you!
You die...
Jiyva alters your body.
You no longer feel cold resistant.
You die...

~.~~~~.#
..~...§
~..~♣~.#
.~♣♣♣♣[ ~~
.~.♣♣
♣♣~~~♣♣
♣~~~~.♣~♣
#♣.~~~~.♣
##.~§~~~.♣
#~~~~~~~~♣
#~D~~~~~.♣
#~w~§~~~♣♣
#§~~~~~.♣♣
#~~~..~♣♣
.~~~♣♣♣♣
..~~.♣
.♣~♣..♣
,♣♣♣♣~~♣


You could see a swamp worm.

Vanquished Creatures
  Kirke (D:12)
  Louise (Swamp:3)
  An orc warlord (Orc:2)
  4 eleionomae
  5 bunyips
  A shambling mangrove (Swamp:3)
  A yaktaur captain (D:11)
  4 vault guards (D:14)
  The ghost of p0werm0de the Blocker, a journeyman MiFi of Cheibriados (D:12)
  A rakshasa (D:11)
  8 centaur warriors
  11 hydras
  3 catoblepae (Lair:5)
  2 ogre magi
  10 two-headed ogres
  5 boulder beetles
  5 alligators
  9 death yaks (Lair:5)
  2 orc high priests (Orc:2)
  3 tengu warriors
  17 spriggans
  A skeletal warrior (D:11)
  3 skysharks
  5 goliath frogs
  A death drake (Swamp:3)
  2 bog bodies
  A flayed ghost (D:11)
  2 swamp dragons
  Pikel (D:7)
  2 spriggan druids
  3 deep elf pyromancers
  3 necromancers (D:14)
  A harpy (shapeshifter) (D:15)
  3 arcanists
  6 orc knights
  2 manticores (Lair:5)
  2 oklob plants
  5 orc sorcerers
  3 will-o-the-wisps
  6 ugly things
  6 meliai
  6 cyclopes
  15 elephants
  5 black mambas
  Joseph (D:7)
  2 rust devils
  5 torpor snails
  12 cane toads
  4 gargoyles
  7 komodo dragons
  Maggie (D:7)
  A yaktaur (shapeshifter) (D:13)
  2 unseen horrors (D:11)
  16 hornets
  8 trolls
  A bloated husk (Swamp:3)
  4 polar bears
  A hellwing (Swamp:4)
  8 tyrant leeches
  10 blink frogs
  12 dream sheep
  4 shadows
  32 yaks
  A wraith (D:11)
  A vampire (D:11)
  4 wyverns
  2 hogs (D:12)
  6 basilisks
  A redback (shapeshifter) (D:11)
  4 steam dragons
  15 humans (D:14)
  3 wargs
  14 vampire mosquitoes
  A chaos spawn (Swamp:4)
  Menkaure (D:6)
  An acid dragon (D:13)
  3 nagas (Lair:2)
  13 swamp worms
  11 water moccasins
  Duvessa (D:6)
  A swamp drake (Swamp:3)
  31 orc warriors
  A meliai simulacrum (D:14)
  2 laughing skulls (D:13)
  4 black bears
  10 wolves
  8 ogres
  15 centaurs
  6 kobold brigands
  8 bullfrogs
  2 gnoll sergeants
  3 scorpions
  24 wights
  Dowan (D:6)
  16 killer bees
  2 electric eels
  5 howler monkeys
  A quasit (D:4)
  A hound (D:5)
  20 orc priests
  A spectral scorpion (Ossuary)
  3 gnoll boudas
  Ijyb (D:4)
  7 iguanas
  26 orc wizards
  A sleepcap (D:7)
  4 hell rats (Lair:3)
  A crocodile zombie (Ossuary)
  9 mummies (Ossuary)
  Robin (D:3)
  19 gnolls
  6 adders
  3 shadow imps
  2 white imps
  4 ufetubi
  A ribbon worm (D:3)
  A dart slug (D:2)
  65 orcs
  3 giant cockroaches
  8 hobgoblins
  22 kobolds
  3 quokkas
  3 training dummies (Orc:2)
  2 ball pythons
  3 bats
  3 frilled lizards
  4 gnoll skeletons (Ossuary)
  10 goblins
  A kobold skeleton (Ossuary)
  3 orc skeletons (Ossuary)
  4 rats
  10 spectral rats (Ossuary)
787 creatures vanquished.

Vanquished Creatures (collateral kills)
  A two-headed ogre (D:5)
  A black mamba (Lair:2)
  2 komodo dragons
  A yak (D:5)
  A bullfrog (Lair:2)
  A killer bee (D:8)
  An orc priest (Orc:2)
  An orc (D:11)
9 creatures vanquished.

Vanquished Creatures (others)
  A bunyip (Swamp:4)
  A rakshasa (D:15)
  A great orb of eyes (D:15)
  An alligator (Swamp:4)
  A boulder beetle (D:11)
  A centaur warrior (D:14)
  A two-headed ogre (D:11)
  A spriggan (Swamp:4)
  An orc high priest (Orc:2)
  3 ugly things (D:15)
  A cyclops (D:13)
  2 bloated husks (Swamp:3)
  A hornet (Swamp:4)
  A hellwing (Swamp:4)
  9 slime creatures
  A yak (Lair:2)
  A wraith (D:12)
  A human (D:14)
  An orc warrior (D:11)
  A black bear (D:5)
  3 boggarts (D:14)
  3 centaurs (D:14)
  A lemure (D:7)
  2 wights
  A killer bee (D:8)
  A bombardier beetle (D:5)
  83 jellies
  An orc priest (Orc:2)
  An iguana (D:6)
  2 orc wizards (D:8)
  Natasha (twice) (D:3)
  An adder (D:2)
  2 white imps
  A dart slug (D:3)
  3 endoplasms
  6 orcs
  3 ball pythons (D:2)
  A quokka (D:3)
  A bat (D:3)
  A goblin (D:4)
  6 kobolds
  2 rats (D:3)
  36 foxfires
  6 fulminant prisms
200 creatures vanquished.

Grand Total: 996 creatures vanquished

Notes
Turn   | Place    | Note
-------+----------+-------------------------------------------
     0 | D:1      | Turgor the Draconian Shapeshifter began the quest for the
                  | Orb.
     0 | D:1      | Reached XP level 1. HP: 16/16 MP: 1/1
   301 | D:1      | Reached XP level 2. HP: 23/23 MP: 2/2
   361 | D:1      | Found a faded altar of an unknown god.
   369 | D:1      | Prayed at the altar of an unknown god.
   369 | D:1      | Became a worshipper of Jiyva Jiroar the Shapeless
   369 | D:1      | Reached * piety under Jiyva
   728 | D:2      | Found Zetwem's Distillery.
   737 | D:2      | Bought a potion of degeneration for 12 gold pieces
   825 | D:2      | Reached XP level 3. HP: 18/28 MP: 3/3
   974 | D:2      | Reached skill level 4 in Shapeshifting
   982 | D:2      | Reached ** piety under Jiyva
  1061 | D:2      | Found Jariuram's Jewellery Shop.
  1080 | D:2      | Found Zauninet's Distillery.
  1090 | D:2      | Found Fuwai's Armour Shop.
  1736 | D:3      | Noticed Robin
  1748 | D:3      | Killed Robin
  1749 | D:3      | Reached XP level 4. HP: 32/35 MP: 4/4
  1786 | D:3      | Reached *** piety under Jiyva
  1849 | D:3      | Noticed an ogre
  1853 | D:3      | Killed Natasha
  1858 | D:3      | Killed an ogre
  1859 | D:3      | Reached XP level 5. HP: 31/40 MP: 5/5
  1929 | D:3      | Noticed Natasha
  1978 | D:3      | Reached skill level 5 in Shapeshifting
  2127 | D:3      | Killed Natasha
  2206 | D:3      | Gained mutation: Your translucent skin slightly reduces
                  | your foes' accuracy. (Stealth+) [Jiyva's grace]
  2206 | D:3      | Gained mutation: Your translucent skin reduces your foes'
                  | accuracy. (Stealth+) [Jiyva's grace]
  2206 | D:3      | Gained mutation: Your transparent skin significantly
                  | reduces your foes' accuracy. (Stealth+) [Jiyva's grace]
  2206 | D:3      | Gained mutation: You have a pair of small antennae on your
                  | head. [Jiyva's grace]
  2490 | D:4      | Noticed an ogre
  2500 | D:4      | Killed an ogre
  2501 | D:4      | Reached XP level 6. HP: 26/47 MP: 6/6
  2582 | D:4      | Reached skill level 5 in Unarmed Combat
  2582 | D:4      | Reached skill level 6 in Shapeshifting
  2748 | D:4      | Your scales start taking on a lurid green colour.
  2748 | D:4      | Reached XP level 7. HP: 52/52 MP: 7/7
  2748 | D:4      | Gained mutation: Your system is resistant to poisons.
                  | (rPois) [Green Draconian growth]
  2748 | D:4      | Noticed Ijyb
  2762 | D:4      | Killed Ijyb
  2855 | D:4      | You fall into a shaft and drop 3 floors!
  3031 | D:7      | Reached **** piety under Jiyva
  3037 | D:5      | Entered Level 5 of the Dungeon
  3149 | D:5      | Reached skill level 7 in Shapeshifting
  3237 | D:5      | Found a large runed translucent door.
  3237 | D:5      | Found a large runed translucent door.
  3255 | D:5      | Reached XP level 8. HP: 61/61 MP: 8/8
  3290 | D:5      | Noticed a two-headed ogre
  3296 | D:5      | Found a large runed translucent door.
  3296 | D:5      | Found a large runed translucent door.
  3416 | D:5      | Found a sand-covered staircase.
  3425 | Ossuary  | Entered an ossuary
  3796 | D:5      | Reached ***** piety under Jiyva
  4412 | D:5      | Killed a two-headed ogre
  4413 | D:5      | Reached skill level 5 in Dodging
  4413 | D:5      | Reached XP level 9. HP: 38/71 MP: 9/9
  4600 | D:6      | Noticed Menkaure
  4604 | D:6      | Killed Menkaure
  4605 | D:6      | Reached skill level 8 in Shapeshifting
  4653 | D:6      | Reached skill level 5 in Fighting
  4657 | D:6      | Reached skill level 1 in Evocations
  4759 | D:6      | Found a staircase to the Ecumenical Temple.
  4796 | D:6      | Noticed Duvessa
  4797 | D:6      | Noticed Dowan
  4815 | D:6      | Killed Duvessa
  4829 | D:6      | Killed Dowan
  4903 | D:6      | Lost mutation: Your transparent skin significantly reduces
                  | your foes' accuracy. (Stealth+) [Jiyva's grace]
  4903 | D:6      | Gained mutation: You have large cloven feet. [Jiyva's
                  | grace]
  4903 | D:6      | Gained mutation: You have hoof-like feet. [Jiyva's grace]
  4903 | D:6      | Gained mutation: You have hooves in place of feet. [Jiyva's
                  | grace]
  4903 | D:6      | Gained mutation: Your mind is acute. (Int +4, Str/Dex -1)
                  | [Jiyva's grace]
  5173 | D:7      | Noticed Pikel
  5189 | D:7      | Killed Pikel
  5190 | D:7      | Reached XP level 10. HP: 83/83 MP: 10/10
  5212 | D:7      | Noticed Joseph
  5230 | D:7      | Killed Joseph
  5342 | D:7      | Noticed Maggie
  5354 | D:7      | Killed Maggie
  5849 | D:8      | Noticed a rust devil
  6008 | D:8      | Noticed a rust devil
  6054 | D:8      | Found a staircase to the Lair.
  6094 | D:8      | Reached skill level 9 in Shapeshifting
  6218 | D:8      | Found a shimmering blue altar of Sif Muna.
  6515 | D:8      | Found the +5 robe of Night {Dark Will+ SInv}
  6655 | D:9      | Reached XP level 11. HP: 92/92 MP: 11/11
  7453 | D:2      | Bought a +0 cloak for 63 gold pieces
  7495 | D:2      | Bought a potion of heal wounds for 60 gold pieces
  7495 | D:2      | Bought a potion of mutation for 96 gold pieces
  7495 | D:2      | Bought a potion of resistance for 120 gold pieces
  7539 | D:2      | Bought a potion of haste for 110 gold pieces
  7695 | D:9      | Reached skill level 5 in Evocations
  7748 | D:10     | Entered Level 10 of the Dungeon
  7862 | D:10     | Reached ****** piety under Jiyva
  7875 | D:10     | Lost mutation: You have a pair of small antennae on your
                  | head. [Jiyva's grace]
  7875 | D:10     | Gained mutation: You have acidic saliva. [Jiyva's grace]
  7875 | D:10     | Gained mutation: Your flesh is cold resistant. (rC+)
                  | [Jiyva's grace]
  7875 | D:10     | Gained mutation: Your flesh is very cold resistant. (rC++)
                  | [Jiyva's grace]
  7875 | D:10     | Gained mutation: Your flesh is almost immune to the effects
                  | of cold. (rC+++) [Jiyva's grace]
  8589 | D:11     | Killed a two-headed ogre
  8654 | D:11     | Noticed a red ugly thing
  8685 | D:11     | Killed a white ugly thing
  8686 | D:11     | Reached skill level 10 in Shapeshifting
  8832 | D:11     | Noticed a purple ugly thing
  8855 | D:11     | Killed a brown ugly thing
  8882 | D:11     | Noticed a boulder beetle
  8926 | D:11     | Noticed a yaktaur captain
  8953 | D:11     | Killed a yaktaur captain
  8954 | D:11     | Reached skill level 11 in Shapeshifting
  8958 | D:11     | Noticed a skeletal warrior
  9049 | Lair:1   | Entered Level 1 of the Lair of Beasts
  9049 | Lair:1   | Noticed an oklob plant
  9069 | Lair:1   | Reached XP level 12. HP: 88/101 MP: 12/12
  9250 | Lair:1   | Reached skill level 12 in Shapeshifting
  9414 | Lair:1   | Lost mutation: You have hooves in place of feet. [Jiyva's
                  | grace]
  9414 | Lair:1   | Lost mutation: You have hoof-like feet. [Jiyva's grace]
  9414 | Lair:1   | Lost mutation: Your translucent skin reduces your foes'
                  | accuracy. (Stealth+) [Jiyva's grace]
  9414 | Lair:1   | Gained mutation: You expend magic power (3 MP) to
                  | strengthen your wands. [Jiyva's grace]
  9414 | Lair:1   | Gained mutation: Your tail ends in a venomous barb.
                  | [Jiyva's grace]
  9414 | Lair:1   | Gained mutation: Your tail ends in a sharp venomous barb.
                  | [Jiyva's grace]
  9414 | Lair:1   | Gained mutation: Your tail ends in a wickedly sharp and
                  | venomous barb. [Jiyva's grace]
 10043 | Lair:2   | Noticed a four-headed hydra
 10050 | Lair:2   | Killed a four-headed hydra
 10051 | Lair:2   | Reached skill level 13 in Shapeshifting
 10220 | Lair:2   | Noticed an eight-headed hydra
 10226 | Lair:2   | Killed an eight-headed hydra
 10266 | Lair:2   | Reached skill level 14 in Shapeshifting
 10594 | Lair:2   | Found a staircase to the Snake Pit.
 11043 | Lair:3   | You are sucked into a shaft and drop 1 floor!
 11105 | Lair:4   | Reached XP level 13. HP: 107/107 MP: 13/13
 11139 | Lair:4   | Reached skill level 15 in Shapeshifting
 11442 | Lair:3   | Noticed an eleionoma
 11451 | Lair:3   | Killed an eleionoma
 11452 | Lair:3   | Reached skill level 16 in Shapeshifting
 11458 | Lair:3   | Found a staircase to the Swamp.
 11480 | Lair:3   | Lost mutation: Your tail ends in a wickedly sharp and
                  | venomous barb. [Jiyva's grace]
 11480 | Lair:3   | Lost mutation: Your mind is acute. (Int +4, Str/Dex -1)
                  | [Jiyva's grace]
 11480 | Lair:3   | Lost mutation: Your flesh is almost immune to the effects
                  | of cold. (rC+++) [Jiyva's grace]
 11480 | Lair:3   | Lost mutation: You expend magic power (3 MP) to strengthen
                  | your wands. [Jiyva's grace]
 11480 | Lair:3   | Gained mutation: Your melee attacks may engulf your foes in
                  | ooze. [Jiyva's grace]
 11480 | Lair:3   | Gained mutation: Your muscles are strong. (Str +4, Int/Dex
                  | -1) [Jiyva's grace]
 11480 | Lair:3   | Gained mutation: Your muscles are very strong. (Str +8,
                  | Int/Dex -2) [Jiyva's grace]
 11480 | Lair:3   | Gained mutation: Your rubbery body absorbs attacks. (AC +1,
                  | EV +1) [Jiyva's grace]
 11608 | Lair:3   | Reached skill level 1 in Alchemy
 12415 | Lair:5   | Entered Level 5 of the Lair of Beasts
 12485 | Lair:4   | Reached skill level 10 in Unarmed Combat
 12643 | Lair:5   | Reached skill level 5 in Alchemy
 12748 | Lair:5   | Mutation became permanent: Your tail ends in a venomous
                  | barb. [Green Draconian growth]
 12748 | Lair:5   | Gained mutation: Your tail ends in a sharp venomous barb.
                  | [Green Draconian growth]
 12748 | Lair:5   | Reached XP level 14. HP: 115/115 MP: 14/14
 12797 | Lair:5   | Got an earthy gem with 38 turns to spare
 12834 | Lair:5   | Lost the earthy gem through the power of Zot.Gained a life
                  | (3 lives remaining)
 12958 | Lair:5   | Found a viscous altar of Jiyva.
 12959 | Lair:5   | Lost mutation: Your tail ends in a sharp venomous barb.
                  | [Jiyva's grace]
 12959 | Lair:5   | Lost mutation: Your flesh is very cold resistant. (rC++)
                  | [Jiyva's grace]
 12959 | Lair:5   | Lost mutation: You have acidic saliva. [Jiyva's grace]
 12959 | Lair:5   | Lost mutation: Your rubbery body absorbs attacks. (AC +1,
                  | EV +1) [Jiyva's grace]
 12959 | Lair:5   | Gained mutation: Armour fits poorly on your pseudopods.
                  | [Jiyva's grace]
 12959 | Lair:5   | Gained mutation: Armour fits poorly on your large
                  | pseudopods. [Jiyva's grace]
 12959 | Lair:5   | Gained mutation: Armour fits poorly on your massive
                  | pseudopods. [Jiyva's grace]
 12959 | Lair:5   | Lost mutation: You have large cloven feet. [Jiyva's grace]
 12959 | Lair:5   | Gained mutation: You have sharp toenails. [Jiyva's grace]
 12991 | Lair:5   | Found an iron altar of Okawaru.
 13023 | Lair:5   | Reached skill level 17 in Shapeshifting
 13320 | Lair:5   | Found a staircase to the Slime Pits.
 13616 | Slime:1  | Entered Level 1 of the Pits of Slime
 13616 | Slime:1  | Noticed an acid blob
 13645 | Slime:3  | Noticed a quicksilver ooze
 13672 | Slime:4  | Noticed an acid blob
 13707 | Slime:4  | Noticed an acid blob
 13718 | Slime:5  | Entered Level 5 of the Pits of Slime
 13718 | Slime:5  | Noticed an acid blob
 13719 | Slime:5  | Noticed an acid blob
 13723 | Slime:5  | Noticed an acid blob
 13726 | Slime:5  | Noticed an acid blob
 13729 | Slime:5  | Noticed a formless jellyfish
 13749 | Slime:5  | Found a viscous altar of Jiyva.
 13753 | Slime:5  | Noticed an acid blob
 13753 | Slime:5  | Noticed a rockslime
 13755 | Slime:5  | Noticed an acid blob
 13763 | Slime:5  | Got a starry gem with 455 turns to spare
 13763 | Slime:5  | Got a slimy rune of Zot
 13764 | Slime:5  | Identified the amulet of Ascent {RegenMP rF+++ rC+ Str-4}
 13767 | Slime:5  | Noticed an acid blob
 13767 | Slime:5  | Noticed the Royal Jelly
 13773 | Slime:5  | Noticed an acid blob
 13773 | Slime:5  | Noticed an acid blob
 13783 | Slime:5  | Noticed an acid blob
 13787 | Slime:5  | Got the Almanac of Overcast Blasphemous Spells
 13790 | Slime:5  | Got the Tome of Mutagenic Oxidation
 13791 | Slime:5  | Identified the staff of Quick Death {rElec rF+ MP+9 Str+2
                  | Tloc Fire}
 13793 | Slime:5  | Identified the +2 leather armour of Action {rElec rPois
                  | Regen+ Int-4}
 13794 | Slime:5  | Identified the +8 orcbow of Qeuddatz {heavy, rC+ Str+3
                  | Stlth-}
 13805 | Slime:5  | Noticed an acid blob
 13812 | Slime:5  | Noticed a rockslime
 13816 | Slime:5  | Identified the staff of Armageddon {rC- rN++ Dex-5 Conj
                  | Hexes}
 13882 | Slime:4  | Noticed a formless jellyfish
 13887 | Slime:4  | Noticed a formless jellyfish
 13888 | Slime:4  | Noticed a formless jellyfish
 13918 | Slime:5  | Noticed an azure jelly
 14399 | D:11     | HP: 8/172 [flayed ghost (10)]
 14656 | D:11     | Found a glowing golden altar of the Shining One.
 14853 | D:11     | Found a staircase to the Orcish Mines.
 14864 | Orc:1    | Entered Level 1 of the Orcish Mines
 14934 | Orc:2    | Entered Level 2 of the Orcish Mines
 14941 | Orc:2    | Found a staircase to the Elven Halls.
 15056 | Orc:2    | Found Ulutz's Firing Range.
 15058 | Orc:2    | Noticed an orc warlord
 15073 | Orc:2    | Killed an orc warlord
 15436 | Orc:2    | Found Ikom's Assorted Antiques.
 15436 | Orc:2    | Found Rubei's Jewellery Emporium.
 15438 | Orc:2    | Found Orghor Loviyrph's Antique Weapon Boutique.
 15438 | Orc:2    | Found Caklec's Book Emporium.
 15444 | Orc:2    | Bought a scroll labelled MOLOHI LIBAUPH for 31 gold pieces
 15603 | Orc:1    | Found Zagyuly's Weapon Emporium.
 15682 | Orc:1    | Lost mutation: You have sharp toenails. [Jiyva's grace]
 15682 | Orc:1    | Lost mutation: Armour fits poorly on your massive
                  | pseudopods. [Jiyva's grace]
 15682 | Orc:1    | Gained mutation: Your spells are a little harder to cast,
                  | but a little more powerful. [Jiyva's grace]
 15682 | Orc:1    | Gained mutation: Your spells are harder to cast, but more
                  | powerful. [Jiyva's grace]
 15682 | Orc:1    | Gained mutation: Your spells are much harder to cast, but
                  | much more powerful. [Jiyva's grace]
 15682 | Orc:1    | Lost mutation: Your translucent skin slightly reduces your
                  | foes' accuracy. (Stealth+) [Jiyva's grace]
 15682 | Orc:1    | Gained mutation: Your skin changes colour to match your
                  | surroundings (Stealth+). [Jiyva's grace]
 15912 | D:12     | Found a broken altar of Ashenzari.
 15927 | D:12     | Reached skill level 1 in Spellcasting
 15996 | D:12     | Reached XP level 15. HP: 125/125 MP: 15/17
 16133 | D:12     | Learned a level 6 spell: Eringya's Noxious Bog
 16138 | D:12     | Learned a level 4 spell: Fulminant Prism
 16144 | D:12     | Learned a level 5 spell: Irradiate
 16203 | D:12     | Noticed Kirke
 16213 | D:12     | Reached skill level 1 in Conjurations
 16218 | D:12     | Killed Kirke
 16351 | D:12     | Noticed p0werm0de's ghost (journeyman MiFi)
 16352 | D:12     | Found a runed translucent gate.
 16353 | D:12     | Found a runed translucent gate.
 16354 | D:12     | Found a runed translucent gate.
 16366 | D:12     | Killed p0werm0de's ghost
 16391 | D:12     | Identified the +5 broad axe "Xosiamn" {pain, rN+}
 16770 | D:13     | Got the Quarto of Fiery Exhalation
 17225 | D:13     | Reached skill level 10 in Alchemy
 17247 | D:13     | Lost mutation: Armour fits poorly on your large pseudopods.
                  | [Jiyva's grace]
 17247 | D:13     | Gained mutation: Armour fits poorly on your large
                  | pseudopods. [Jiyva's grace]
 17247 | D:13     | Gained mutation: Armour fits poorly on your massive
                  | pseudopods. [Jiyva's grace]
 17247 | D:13     | Gained mutation: You have an increased reservoir of magic.
                  | (+10% MP) [Jiyva's grace]
 17247 | D:13     | Gained mutation: You have a considerably increased
                  | reservoir of magic. (+20% MP) [Jiyva's grace]
 17247 | D:13     | Identified the orb of Ameluhon {*Rage, rC+ Int+2 Dex+3}
 17901 | D:14     | Reached skill level 10 in Fighting
 18130 | D:14     | Found a gate to the Vaults.
 18401 | D:15     | Entered Level 15 of the Dungeon
 18565 | D:15     | Found a staircase to the Depths.
 18813 | D:15     | Reached skill level 5 in Spellcasting
 18819 | D:15     | Reached skill level 5 in Conjurations
 18942 | D:15     | Lost mutation: Your skin changes colour to match your
                  | surroundings (Stealth+). [Jiyva's grace]
 18942 | D:15     | Lost mutation: You have a considerably increased reservoir
                  | of magic. (+20% MP) [Jiyva's grace]
 18942 | D:15     | Lost mutation: Your spells are much harder to cast, but
                  | much more powerful. [Jiyva's grace]
 18942 | D:15     | Lost mutation: Armour fits poorly on your massive
                  | pseudopods. [Jiyva's grace]
 18942 | D:15     | Gained mutation: You are covered in fur. (AC +1) [Jiyva's
                  | grace]
 18942 | D:15     | Gained mutation: You are covered in thick fur. (AC +2)
                  | [Jiyva's grace]
 18942 | D:15     | Gained mutation: Your thick and shaggy fur keeps you warm.
                  | (AC +3, rC+) [Jiyva's grace]
 18942 | D:15     | Gained mutation: Your translucent skin slightly reduces
                  | your foes' accuracy. (Stealth+) [Jiyva's grace]
 18984 | D:15     | Reached skill level 18 in Shapeshifting
 19471 | Swamp:1  | Entered Level 1 of the Swamp
 19602 | Swamp:1  | Reached XP level 16. HP: 121/134 MP: 25/27
 20488 | Swamp:3  | Noticed Louise
 20514 | Swamp:3  | Killed Louise
 20572 | Swamp:4  | Entered Level 4 of the Swamp
 20644 | Swamp:3  | Upgraded the game from 0.31-a0-1547-g618ab1f346 to
                  | 0.31-a0-1570-g93c622d222
 20849 | Swamp:4  | Noticed a tentacled monstrosity
 20857 | Swamp:4  | Noticed a thorn hunter
 20967 | Swamp:4  | Noticed a thorn hunter
 20994 | Swamp:3  | HP: 4/201 [bog body/bolt of cold (22)]
 21092 | Swamp:4  | HP: 7/201 [will-o-the-wisp/foxfire (20)]
 21094 | Swamp:4  | Mangled by a swamp worm

Illustrated notes

Levels and vault maps discovered:
D:1:      amcnicky_arrival_feature_with_door, layout_loops_ring,
          chequers_ecumenical_altar_simple
D:2:      layout_basic, serial_shops, shop, shop, shop, shop, minmay_hedge_maze,
          nrook_campfire
D:3:      layout_basic, minmay_strange_pillars, serial_bayou_pond_e, uniq_robin,
          uniq_natasha
D:4:      minmay_inner_zag, layout_cave_pools, serial_demonic, serial_demonic_a,
          serial_demonic_d, serial_demonic_c, serial_demonic_g,
          serial_demonic_e, uniq_ijyb
D:5:      layout_gridville, nicolae_ossuary_entry_ruins,
          minmay_hollow_rounded_squares
D:6:      layout_loops_cross, minmay_temple_entry_ruins,
          kennysheep_generic_room_15, uniq_menkaure, uniq_duvessa
D:7:      layout_rooms, minmay_starry_boxes, uniq_maggie, uniq_joseph,
          uniq_pikel
D:8:      cheibrodos_iron_armory, layout_basic, led_sif_pool, dpeg_oklobed_lair,
          hellmonk_guarded_unrand_night
D:9:      layout_loops_cross
D:10:     layout_cave_pods
D:11:     minmay_complete_graph, layout_basic, david_orc_4, fungi_pond_lemuel,
          nicolae_tso_carved_into_rock
D:12:     layout_roguey, gammafunk_ghost_hydra_chop,
          nicolae_ashenzari_panopticon, uniq_kirke
D:13:     layout_layer_cave, amcnicky_mini_corridor_feature,
          kennysheep_generic_room_14
D:14:     layout_gridville, grunt_vaults_entry_tiered,
          infiniplex_staircase_diamond
D:15:     gammafunk_enter_depths_forms, layout_loops_ring,
          serial_co_window_serial, co_window_paths_b, co_window_corner_a,
          co_window_of_opportunity_a, co_window_of_opportunity_a,
          co_window_paths_b, co_window_corner_b, co_window_of_opportunity_c,
          co_window_broadway_a, co_window_of_opportunity_b,
          co_window_of_opportunity_b, co_window_4corner_b, glass_columns_a,
          glass_columns_c, glass_columns_c, glass_columns_a,
          minmay_strange_pillars
Lair:1:   layout_loops_ring, st_stairs_3, dpeg_stationary_puzzle,
          infiniplex_staircase_pool_2, lemuel_fruit_fields
Lair:2:   nzn_winding_woodlands_three_and_one
          [nzn_winding_woodlands_5x15_lazy_stream,
          nzn_winding_woodlands_5x15_river_crossing,
          nzn_winding_woodlands_5x15_pool,
          nzn_winding_woodlands_center_triple_pond], layout_big_grid,
          nicolae_snake_entry_squirm, grunt_megastairs_1
Lair:3:   lemuel_slime, layout_long_grid, alex1729_swamp_entry_worm_eleionoma,
          grunt_megastairs_2, serial_bayou_shore_b, lemuel_fruit_tree
Lair:4:   layout_regular_city
Lair:5:   evilmike_catoblepas_cave, layout_cave_pods,
          nicolae_slime_entry_field_trip, basic_altar, grunt_megastairs_4,
          serial_bayou_shore_a
Swamp:1:  layout_basic_swamp, evilmike_swamp_ruin_wall
Swamp:2:  layout_basic_swamp, evilmike_swamp_ruin_rubble_2
Swamp:3:  layout_falls_marsh, nicolae_swamp_reclaimed_castle, uniq_louise
Swamp:4:  nzn_swamp_witches_coven, layout_basic_swamp
Slime:1:  layout_caves, cheibrodos_slime_lost_civilization_7
Slime:2:  layout_caves
Slime:3:  layout_caves, nicolae_slime_barrier, nicolae_slime_round_cave
Slime:4:  cheibrodos_slime_lost_civilization_2, layout_caves
Slime:5:  slime_pit_nicolae_trefoil
Orc:1:    layout_diamond_mine, serial_shops, nicolae_shop_tiny_glass
Orc:2:    grunt_orc_tribal_feast, layout_caves, basic_altar, library_closet,
          nicolae_shop_firing_range

Skill      XL: |  1  2  3  4  5  6  7  8  9 10 11 12 13 14 15 16 |
---------------+-------------------------------------------------+-----
Shapeshifting  | 4 5 6 7 8 9 11 14 16 17 18 | 18.3
Unarmed Combat | 4 5 6 7 8 9 10 11 | 11.3
Dodging        | 3 5 6 7 8 9 |  9.0
Fighting       | 2 4 5 7 8 9 10 | 10.0
Evocations     | 2 4 6 |  6.0
Alchemy        | 6 9 11 13 | 13.0
Spellcasting   | 1 5 7 |  7.8
Conjurations   | 5 8 |  8.2

Action                     |  1- 3 |  4- 6 |  7- 9 | 10-12 | 13-15 | 16-18 || total
---------------------------+-------+-------+-------+-------+-------+-------++-------
  Melee: Unarmed           |    79 |   133 |   348 |   727 |   842 |   221 ||  2350
         Tailslap          |     8 |    13 |    57 |   140 |   126 |    31 ||   375
         Punch             |       |     2 |    12 |     4 |    48 |    14 ||    80
         Kick              |       |       |     6 |   230 |       |       ||   236
         Bite              |       |       |       |    52 |    94 |    26 ||   172
  Throw: Dart              |       |       |     4 |       |       |       ||     4
   Cast: Fulminant Prism   |       |       |       |       |       |     6 ||     6
         Irradiate         |       |       |       |       |       |     5 ||     5
 Invoke: Oozemancy         |       |       |       |       |     2 |       ||     2
         Slimify           |       |       |       |       |       |     1 ||     1
Ability: Breathe Noxious F |       |       |     2 |    10 |    29 |     7 ||    48
  Evoke: Wand              |       |       |     2 |     6 |    16 |     5 ||    29
         Sack of spiders   |       |       |       |     2 |     1 |     1 ||     4
    Use: Potion            |       |     1 |     1 |     1 |     1 |    11 ||    15
         Scroll            |       |     2 |     7 |     7 |     8 |    14 ||    38
   Stab: Confused          |       |       |     3 |     7 |    14 |       ||    24
         Sleeping          |       |       |     4 |       |       |       ||     4
         Distracted        |       |       |       |     1 |       |       ||     1
         Petrified         |       |       |       |       |     3 |       ||     3
 Armour: Skin              |    35 |    55 |    68 |   266 |   818 |   338 ||  1580
  Dodge: Dodged            |    42 |    93 |   235 |   586 |   459 |   129 ||  1544
   Form: Flux              |       |       |     1 |       |       |       ||     1
         Dragon            |       |       |       |     1 |       |       ||     1

Table legend: (Time is in decaauts)
 A = Elapsed time spent in this place.
 B = Non-inter-level travel time spent in this place.
 C = Inter-level travel time spent in this place.
 D = Time resting spent in this place.
 E = Time spent auto-exploring this place.
 F = Levels seen in this place.
 G = Mean time per level.
                   A        B        C        D        E       F      G
               +--------+--------+--------+--------+--------+-----+--------+
         Total |  20795 |  19226 |   1569 |    482 |  10010 |  32 |  649.8 |
       Dungeon |  12858 |  11871 |    987 |    149 |   6515 |  15 |  857.2 |
          Lair |   4692 |   4355 |    337 |     19 |   2730 |   5 |  938.4 |
         Swamp |   1580 |   1491 |     89 |    259 |    416 |   4 |  395.0 |
    Slime Pits |    419 |    331 |     88 |      0 |     43 |   5 |   83.8 |
  Orcish Mines |    913 |    846 |     67 |     54 |    306 |   2 |  456.5 |
       Ossuary |    331 |    331 |      0 |      0 |      0 |   1 |  331.0 |
               +--------+--------+--------+--------+--------+-----+--------+

Top non-repeatable levels by time:
  Lair:5: 1148 daAuts
     D:5: 1132 daAuts
  Lair:2: 1114 daAuts
    D:11: 1105 daAuts
     D:2: 1091 daAuts
    D:13: 1080 daAuts
     D:8: 1044 daAuts
    D:10: 969 daAuts
  Lair:1: 911 daAuts
  Lair:4: 890 daAuts
    D:15: 860 daAuts
     D:9: 841 daAuts
     D:3: 729 daAuts
     D:1: 721 daAuts
    D:14: 720 daAuts
